 Dungeon Crawl Stone Soup version 0.17-a0-1069-g92ad481 (webtiles) character file.

103 wotan the Ruffian (level 4, -8/38 HPs)
             Began as a Ghoul Monk on May 17, 2015.
             Mangled by halfnothing's ghost (16 damage)
             ... in a sewer.
             The game lasted 00:07:39 (1806 turns).

wotan the Ruffian (Ghoul Monk)                      Turns: 1806, Time: 00:07:40

Health: -8/38      AC:  8    Str: 14    XL:     4   Next: 79%
Magic:  3/3        EV: 10    Int:  5    God:
Gold:   102        SH:  0    Dex: 12    Spells: 0 memorised, 3 levels left

rFire  + . .     SeeInvis .       - Unarmed
rCold  + . .     Clarity  .     h - +0 scale mail
rNeg   + + +     SustAb   .     (no shield)
rPois  ∞         Gourm    .     o - +0 helmet
rElec  .         Spirit   .     (no cloak)
rCorr  .         Warding  .     (no gloves)
rMut   .         Stasis   .     e - +0 pair of boots
MR     .....                    (no amulet)
Stlth  +.........               (no ring)
                                d - ring of protection from fire

@: flying, rotting, not resistant to hostile enchantments, very unstealthy
A: rotting body, claws 1, carnivore 3, cold resistance 1, negative energy
resistance 3, slow healing 1, torment resistance, unbreathing
a: no special abilities


You were in a sewer.
You were not hungry.

You visited 1 branch of the dungeon, and saw 3 of its levels.
You also visited: Sewer.

You collected 102 gold pieces.

Inventory:

Armour
 e - a +0 pair of boots (worn)
 h - a +0 scale mail (worn)
 k - a +0 shield
 o - a +0 helmet (worn)
Jewellery
 d - a ring of protection from fire (left claw)
Magical devices
 j - a wand of confusion (21)
Scrolls
 a - a scroll of enchant armour {unknown}
 c - 2 scrolls of remove curse {unknown}
 g - a scroll of random uselessness {unknown}
 m - a scroll of amnesia {unknown}
 p - a scroll of noise {unknown}
 q - a scroll of fog {unknown}
Potions
 i - a potion of agility
 r - a potion of cancellation {unknown}
Comestibles
 b - 3 meat rations
 f - 8 chunks of flesh


   Skills:
 - Level 3.2 Fighting
 - Level 2.7 Dodging
 - Level 2.1 Stealth
 + Level 6.5 Unarmed Combat


You had 3 spell levels left.
You didn't know any spells.

Dungeon Overview and Level Annotations

Branches:
Dungeon (3/15)

Altars:

Annotations:
Sewer halfnothing's ghost, average GrFi


Innate Abilities, Weirdness & Mutations

Your body is rotting away.
You thrive on raw meat.
You are immune to poison.
You have sharp fingernails.
You are carnivorous and can eat meat at any time.
Your flesh is cold resistant.
You are immune to negative energy.
You heal slowly when monsters are visible.
You are immune to unholy pain and torment.
You can survive without breathing.


Message History

It was a potion of flight.
You feel very buoyant.
You fly up into the air.
Halfnothing's ghost barely misses you.
You scratch halfnothing's ghost but do no damage.
You claw halfnothing's ghost.
Halfnothing's ghost is lightly damaged.
You scratch halfnothing's ghost.
Halfnothing's ghost is lightly damaged.
Halfnothing's ghost hits you.
Drink which item? (? for menu, Esc to quit)
It was a potion of lignification.
You feel woody for a moment. Halfnothing's ghost hits you.
You claw halfnothing's ghost!
Halfnothing's ghost is heavily damaged.
Halfnothing's ghost hits you!
* * * LOW HITPOINT WARNING * * *
You scratch halfnothing's ghost.
Halfnothing's ghost is heavily damaged.
Halfnothing's ghost hits you!
You die...

#≈#
#≈#
#≈#
#≈#
#≈#
#≈#
#≈#
#≈#
#@#
#W#
#≈#
#≈#
#≈#
#≈#
#≈#
#≈#


You could see halfnothing's ghost.

Vanquished Creatures
  4 adders
  2 river rats (Sewer)
  An ooze (D:1)
  A giant gecko (D:1)
  6 giant cockroaches
  4 goblins
  7 hobgoblins
  3 jackals (D:1)
  5 bats
  3 giant newts
  7 kobolds
  9 rats
52 creatures vanquished.

Notes
Turn   | Place    | Note
--------------------------------------------------------------
     0 | D:1      | wotan the Ghoul Monk began the quest for the Orb.
     0 | D:1      | Reached XP level 1. HP: 19/19 MP: 0/0
   255 | D:1      | Reached XP level 2. HP: 26/26 MP: 1/1
   334 | D:1      | Reached skill level 5 in Unarmed Combat
   731 | D:1      | Reached XP level 3. HP: 25/30 MP: 2/2
  1458 | D:2      | Reached skill level 6 in Unarmed Combat
  1458 | D:2      | Reached XP level 4. HP: 33/36 MP: 3/3
  1696 | D:3      | Found a glowing drain.
  1729 | Sewer    | Entered a sewer
  1796 | Sewer    | Noticed halfnothing's ghost (average GrFi)
  1806 | Sewer    | Mangled by halfnothing's ghost

Vault maps used:
D:1:      lemuel_arrival_funnel, serial_glass, glass_columns_b, glass_columns_b
D:2:      minmay_door_path
D:3:      gup_sewer_entry_glass, first_bread
Sewer:    sewer_kobolds

Action                   |  1- 3 |  4- 6 || total
-------------------------+-------+-------++-------
Melee: Unarmed           |   144 |    63 ||   207
  Use: Scroll            |     1 |     1 ||     2
       Potion            |       |     2 ||     2
  Eat: Chunk             |     3 |     5 ||     8
